cohdb
Replays
Latest Replays
All Replays
Popular Replays
Top Player Replays
Match Explorer
How It Works
Community
CoH3 Stats
Reddit
Sign in to upload your games and track your stats! →
Sign in with Steam
Match 45774921
Unlisted
Match 45774921
Overview
Messages
Build Orders
End
Construct Barracks
Riflemen Squad
Selects Heavy Weapons
Riflemen Squad
Grenade Package
Construct Weapon Support Center
M1919 Machine Gun Team
Selects M2HB .50cal Heavy Machine Gun
Mechanized Support Center
M3 Armored Personnel Carrier
M3 Armored Personnel Carrier
Selects Assault Carriers
Riflemen Squad
Selects Exchangeable Parts
Designate Forward Repair Station
M3 Assault Carrier
Construct Tank Depot
M4A1 Sherman Medium Tank
M4A1 76mm Conversion
Selects Rapid Reposition
M4A1(76) Sherman Medium Tank
stormsadder1225
NSR
Bonhoeffer
Field marshal Prince
Schiz
momo
将军的士兵
威风八面
0
0
Comments
sign in to comment!
No comments posted yet!